 Dungeon Crawl Stone Soup version 0.28.0-45-g0d030f2227 (webtiles) character file.

Game seed: 8521415796903977679

3250 protoss039 the Fighter (level 9, -2/60 HPs)
             Began as a Gargoyle Gladiator on Apr 12, 2022.
             Was a Follower of Okawaru.
             Slain by a slime creature (11 damage)
             ... on level 7 of the Dungeon.
             The game lasted 00:13:29 (8115 turns).

protoss039 the Fighter (Gargoyle Gladiator)         Turns: 8115, Time: 00:13:30

Health: -2/60      AC: 27    Str: 22    XL:     9   Next: 99%
Magic:  9/11       EV: 11    Int:  9    God:    Okawaru [*.....]
Gold:   383        SH:  0    Dex: 11    Spells: 8/8 levels left

rFire   + . .      SeeInvis .   a - +0 war axe
rCold   + . .      Faith    .   (no shield)
rNeg    + + .      Spirit   .   B - +0 chain mail
rPois   ∞          Reflect  .   c - +0 helmet
rElec   +          Harm     .   y - +0 cloak
rCorr   +          Rampage  .   p - +0 pair of gloves
Will    .....                   (no boots)
Stlth   ..........              (no amulet)
HPRegen 0.20/turn               h - +4 ring of protection
MPRegen 0.12/turn               n - ring of positive energy

@: about to teleport, resistant, heroic
A: sickness immunity, AC +6, negative energy resistance 1, electricity
resistance, torment resistance 1, petrification resistance
a: Renounce Religion, Heroism


You were on level 7 of the Dungeon.
You worshipped Okawaru.
Okawaru was aware of your devotion.
You visited 2 branches of the dungeon, and saw 8 of its levels.
You also visited: Sewer.

You collected 383 gold pieces.

Inventory:

Hand Weapons
 a - a +0 war axe (weapon)
Missiles
 e - 3 javelins (quivered)
Armour
 c - a +0 helmet (worn)
 p - a +0 pair of gloves (worn)
 y - a +0 cloak (worn)
 B - a +0 chain mail (worn)
Jewellery
 h - a +4 ring of protection (left hand)
 n - a ring of positive energy (right hand)
 t - a ring of flight
Wands
 r - a wand of polymorph (4)
Scrolls
 f - 2 scrolls of identify
 g - a scroll of brand weapon {unknown}
 i - a scroll of acquirement {unknown}
 j - 2 scrolls of teleportation
 u - a scroll of blinking {unknown}
 v - a scroll of amnesia {unknown}
Potions
 d - a potion of might {unknown}
 k - a potion of lignification {unknown}
 l - a potion of ambrosia
 m - 3 potions of brilliance
 o - 2 potions of flight {unknown}
 q - a potion of degeneration {unknown}
 s - 2 potions of heal wounds
 w - 2 potions of magic {unknown}
 x - 2 potions of haste {unknown}
 z - a potion of curing {unknown}
 A - a potion of attraction {unknown}
 C - a potion of mutation {unknown}


   Skills:
 + Level 8.6(13.6) Fighting
 + Level 7.3(12.3) Axes
 - Level 2.0(7.0) Throwing
 + Level 8.1(13.1) Armour
 - Level 3.0(8.0) Dodging
 * Level 3.7 Invocations


You had 8 spell levels left.
You didn't know any spells.
Your spell library contained the following spells:

 Spells                   Type           Power      Damage    Failure   Level
 Pain                     Necr           0%         1d4       91%         1
 Vampiric Draining        Necr           0%         2d6       99%         3
 Petrify                  Tmut/Erth      0%         N/A       100%        4
 Metabolic Englaciation   Hex/Ice        0%         N/A       100%        5
 Animate Skeleton         Necr           Unusable   N/A       N/A         1
 Statue Form              Tmut/Erth      Unusable   N/A       N/A         6

Dungeon Overview and Level Annotations

Branches:
Dungeon (7/15)             Temple (1/1) D:7           Sewer (visited)

Altars:
Ashenzari
Cheibriados
Dithmenos
Elyvilon
Fedhas
Gozag
Hepliaklqana
Kikubaaqudgha
Makhleb
Nemelex Xobeh
Okawaru
Qazlal
Ru
Sif Muna
Trog
Uskayaw
Vehumet
Wu Jian
Xom
Yredelemnul
Zin
The Shining One

Shops:
D:6 *


Innate Abilities, Weirdness & Mutations

You are immune to sickness and miasma.
Your stone body is resilient. (AC +6)
You are immune to poison.
You resist negative energy. (rN+)
You are resistant to electric shocks. (rElec)
You are resistant to unholy torment.
You are immune to petrification.


Message History

The slime creature hits you!
The howler monkey hits you but does no damage.
The gnoll sergeant hits you but does no damage.
Unknown command.
Unknown command.
Something hits you but does no damage.
The howler monkey hoots and howls with incredible vigour!
The slime creature misses you. Something hits you.
Unknown command.
You hit the slime creature but do no damage.
The slime creature is moderately wounded.
You closely miss something. Something hits you.
* * * LOW HITPOINT WARNING * * *
The howler monkey hoots and howls with incredible vigour!
The slime creature hits you but does no damage.
Unknown command.
Unknown command.
Okay, then.
As you read the scroll of teleportation, it crumbles to dust.
You feel strangely unstable. Something hits you.
* * * LOW HITPOINT WARNING * * *
Something hits you but does no damage. x2
The deep elf pyromancer gestures wildly while chanting.
The deep elf pyromancer blinks!
The slime creature barely misses you.
Unknown command.
Unknown command.
Unknown command.
You slash the slime creature!
The slime creature is heavily wounded.
You barely miss something. Something hits you but does no damage.
The slime creature hits you!
* * * LOW HITPOINT WARNING * * *
The howler monkey hits you but does no damage.
The gnoll sergeant barely misses you.
Unknown command.
You hit the howler monkey.
The howler monkey is heavily wounded.
You slash the slime creature! Something hits you but does no damage.
The slime creature hits you!
You die...

#................# #.#....####
................>###.#.......#
#..###............#..........# ##
.#.###...##...#.....###......###.
.....##.###..###.##.###......##..
.....##.##...#.#####.#......)....
.##..#...S..##...###.............
..#..#..##..#.gJhe.###...........
........##.##..#@....###....##.#.
........####.. ###.....#.......##
.#........##. #=###..###.....###
###.......#. [$$#...'.###....#.
.##...^..## ##/##..##...###....
........## #+#...#......###..
.....#...### #..##).#.....#..
....##.....### ....#...###..###.
...#####.....###...##..###≈..#...


You could see a slime creature, a deep elf pyromancer, a gnoll sergeant and a
howler monkey.

Vanquished Creatures
  A centaur zombie (D:7)
  A komodo dragon (D:6)
  A wyvern (D:6)
  Menkaure (D:5)
  A water moccasin (D:7)
  Duvessa (D:4)
  2 sky beasts
  3 necrophages
  An ogre (D:5)
  A centaur (D:7)
  2 kobold brigands
  A wyvern skeleton (D:7)
  Dowan (D:4)
  2 water moccasin skeletons (D:6)
  5 killer bees (D:7)
  7 hounds
  4 jellies
  A gnoll shaman (D:4)
  3 bullfrog skeletons (D:5)
  2 iguanas
  Natasha (thrice) (D:3)
  A centaur skeleton (D:6)
  3 orc wizards
  A hound zombie (D:5)
  A howler monkey zombie (D:4)
  9 gnolls
  3 river rats
  11 adders
  A shadow imp (D:7)
  2 ufetubi
  2 worms
  A dart slug (D:4)
  11 orcs
  12 ball pythons
  5 endoplasms
  4 giant cockroaches
  9 goblins
  7 hobgoblins
  6 jackals
  11 kobolds
  4 quokkas (D:3)
  2 bats
  9 frilled lizards
  8 rats
167 creatures vanquished.

Vanquished Creatures (others)
  9 plants (Sewer)
9 creatures vanquished.

Grand Total: 176 creatures vanquished

Notes
Turn   | Place    | Note
-------+----------+-------------------------------------------
     0 | D:1      | protoss039 the Gargoyle Gladiator began the quest for the
                  | Orb.
     0 | D:1      | Reached XP level 1. HP: 12/12 MP: 1/1
   389 | D:1      | Reached XP level 2. HP: 18/18 MP: 2/2
   770 | D:1      | Found a faded altar of an unknown god.
  1197 | D:2      | Reached skill level 1 in Armour
  1197 | D:2      | Reached XP level 3. HP: 22/22 MP: 3/3
  1758 | D:2      | Found an ornate altar of the Wu Jian Council.
  1897 | D:3      | Reached XP level 4. HP: 12/27 MP: 4/4
  2441 | D:3      | Noticed Natasha
  2448 | D:3      | Killed Natasha
  2480 | D:3      | Reached XP level 5. HP: 30/32 MP: 5/5
  2773 | D:3      | Noticed Natasha
  2788 | D:3      | Killed Natasha
  2854 | D:3      | Noticed Natasha
  2862 | D:3      | Killed Natasha
  3177 | D:4      | Noticed a necrophage
  3184 | D:4      | Killed a necrophage
  3185 | D:4      | Reached XP level 6. HP: 38/38 MP: 6/6
  3336 | D:4      | Noticed Duvessa
  3352 | D:4      | Killed Duvessa
  3353 | D:4      | Noticed Dowan
  3361 | D:4      | Killed Dowan
  3362 | D:4      | Reached XP level 7. HP: 31/44 MP: 7/7
  3791 | D:4      | Reached skill level 5 in Fighting
  4323 | D:5      | Entered Level 5 of the Dungeon
  4564 | D:5      | Found a sparkling altar of Nemelex Xobeh.
  4589 | D:5      | Reached skill level 5 in Axes
  4624 | D:5      | Reached skill level 5 in Armour
  4832 | D:5      | Reached XP level 8. HP: 44/51 MP: 8/8
  5151 | D:5      | Noticed Menkaure
  5167 | D:5      | Killed Menkaure
  5864 | D:6      | Noticed a komodo dragon
  5888 | D:6      | Killed a komodo dragon
  5889 | D:6      | Reached XP level 9. HP: 5/57 MP: 9/9
  6038 | D:6      | Found Nuha Kuz's Hallowed Reliquary.
  6054 | D:6      | Noticed an angel
  6119 | D:6      | Found a glowing drain.
  6139 | Sewer    | Entered a sewer
  7184 | D:7      | Found a staircase to the Ecumenical Temple.
  7260 | Temple   | Entered the Ecumenical Temple
  7548 | Temple   | Became a worshipper of Warmaster Okawaru
  7712 | D:7      | Reached skill level 1 in Invocations
  7732 | D:7      | Reached * piety under Okawaru
  8106 | D:7      | Noticed a deep elf pyromancer
  8115 | D:7      | Slain by a slime creature

Illustrated notes

Levels and vault maps discovered:
D:1:      dpeg_arrival_round_a, layout_basic,
          shapermc_ecumenical_altar_acropolis, minmay_hexomino_u4
D:2:      layout_loops_ring, basic_altar, st_stairs_4, kennysheep_generic_room_3
D:3:      layout_loops_ring, chequers_serial_rivers_micro_e,
          minmay_crystal_room, chequers_decorated_corner,
          grunt_decor_one_mirror, due_unseen_surprise, uniq_natasha
D:4:      layout_loops_ring, uniq_duvessa
D:5:      layout_basic, nemelex_spade_bored_becter, uniq_menkaure
D:6:      layout_basic, portal_sewer_entry_b, nicolae_good_shop
D:7:      minmay_slanted_spiral_squares, layout_cave_pools,
          minmay_temple_entry_crystal_x, uniq_harold
Temple:   roderic_octagonal_lattice_temple

Skill      XL: |  1  2  3  4  5  6  7  8  9 |
---------------+----------------------------+-----
Throwing       | 2 |  2.0
Axes           | 3 4 5 6 7 |  7.3
Armour         | 1 2 3 5 7 8 |  8.1
Dodging        | 3 |  3.0
Fighting       | 3 4 5 7 8 |  8.6
Invocations    | 3 |  3.7

Action                   |  1- 3 |  4- 6 |  7- 9 || total
-------------------------+-------+-------+-------++-------
Melee: War axe           |    86 |    96 |   484 ||   666
       Punch             |     2 |       |     5 ||     7
       Unarmed           |       |    17 |       ||    17
Throw: Throwing net      |       |     2 |     2 ||     4
Invok: Heroism           |       |       |     1 ||     1
  Use: Scroll            |     2 |     1 |     3 ||     6
       Potion            |       |       |     3 ||     3
 Stab: Held in net/web   |       |     2 |       ||     2
Armor: Leather armour    |     8 |       |       ||     8
       Ring mail         |    29 |    60 |       ||    89
       Skin              |       |     1 |       ||     1
       Scale mail        |       |       |   136 ||   136
       Chain mail        |       |       |   333 ||   333
Dodge: Dodged            |    53 |    57 |   358 ||   468
